 Dungeon Crawl Stone Soup version 0.19.5 (webtiles) character file.

834 equalderp2856 the Gouger (level 7, -2/31 HPs)
             Began as a Felid Fighter on Mar 6, 2017.
             Slain by a gnoll
             ... wielding a +0 spear
              (7 damage)
             ... on level 9 of the Dungeon.
             The game lasted 00:43:38 (12536 turns).

equalderp2856 the Gouger (Felid Fighter)           Turns: 12536, Time: 00:43:39

Health: -2/31      AC:  2    Str: 13    XL:     7   Next: 66%
Magic:  13/13      EV: 24    Int: 10    God:
Gold:   423        SH:  0    Dex: 17    Spells: 3 memorised, 8 levels left
                                        Lives:  0   Deaths: 2

rFire  . . .     SeeInvis +       - Unarmed
rCold  . . .     Gourm    .     (armour unavailable)
rNeg   . . .     Faith    .     (shield unavailable)
rPois  .         Spirit   .     (helmet unavailable)
rElec  .         Reflect  .     (cloak unavailable)
rCorr  .         Harm     .     (gloves unavailable)
MR     +....                    (boots unavailable)
Stlth  ++++......               (no amulet)
                                (no ring)
                                o - ring of flight

@: quick
A: no armour, no weapons or thrown items, stealth, claws 1, fangs 3, see
invisible, carnivore 3, speed 1, shaggy fur 2, slow metabolism 1, sharp paws
a: Evoke Flight


You were on level 9 of the Dungeon.
You were not hungry.

You visited 1 branch of the dungeon, and saw 9 of its levels.

You collected 472 gold pieces.
You spent 49 gold pieces at shops.

Inventory:

Missiles
 m - 117 arrows
Jewellery
 o - a ring of flight (left paw)
 y - an uncursed amulet of harm
Wands
 j - a wand of lightning (15/15)
 n - a wand of lightning (4/15)
 u - a wand of polymorph (11/24)
 C - a wand of slowing (24/48)
 E - a wand of polymorph (11/24)
Scrolls
 c - 2 scrolls of teleportation
 e - 4 scrolls of enchant armour
 g - a scroll of fog
 h - 2 scrolls of recharging
 i - a scroll of noise
 k - 2 scrolls of identify
 s - a scroll of amnesia {unknown}
 w - a scroll of remove curse
 B - a scroll of blinking
Potions
 a - a potion of might
 f - a potion of mutation
 l - a potion of degeneration
 r - a potion of berserk rage {unknown}
 z - 3 potions of flight
 A - 2 potions of cancellation
 D - a potion of resistance
Books
 t - a book of Debilitation

   Spells                             Type                      Level
   a - Corona                         Hexes                        1
   b - Slow                           Hexes                        2
   c - Gell's Gravitas                Hexes/Translocation          3
   d - Inner Flame                    Hexes/Fire                   3
   e - Cause Fear                     Hexes                        4
   f - Leda's Liquefaction            Hexes/Earth                  4
 v - a book of Changes

   Spells                             Type                      Level
   a - Beastly Appendage              Transmutation                1
   b - Sticks to Snakes               Transmutation                2
   c - Spider Form                    Transmutation/Poison         3
   d - Ice Form                       Ice/Transmutation            4
   e - Blade Hands                    Transmutation                5
Comestibles
 b - 4 meat rations
 d - 4 bread rations
 p - 24 fruits
 q - a beef jerky
 x - 2 royal jellies
 F - a slice of pizza


   Skills:
 + Level 3.6 Fighting
 + Level 8.7 Dodging
 + Level 7.0 Stealth
 + Level 10.5 Unarmed Combat
 * Level 3.8 Spellcasting


You had 8 spell levels left.
You knew the following spells:

 Your Spells              Type           Power        Failure   Level  Hunger
a - Corona                Hex            #......      30%         1    #......
b - Slow                  Hex            #.......     47%         2    ###....
c - Sticks to Snakes      Tmut           #.......     47%         2    ###....


Dungeon Overview and Level Annotations

Branches:
Dungeon (9/15)             Temple (0/1) D:5            Lair (0/6) D:9
    Orc: D:9-12

Altars:
Cheibriados
Fedhas
Hepliaklqana
Kikubaaqudgha
Makhleb
Nemelex Xobeh
Qazlal
Ru
Trog
Uskayaw

Shops:
D:8 !

Annotations:
D:3 DishwasherDemon's ghost, amateur OgNe
D:6 Dowan; Duvessa
D:7 North's ghost, novice GrGl


Innate Abilities, Weirdness & Mutations

You cannot wear armour.
You are incapable of wielding weapons or throwing items.
Your paws allow you to move quietly. (Stealth)
You have sharp claws.
You have razor-sharp teeth.
You have supernaturally acute eyesight. (SInv)
You are carnivorous and can eat meat at any time.
You cover ground quickly.
You are covered in thick fur. (AC +2)
You have a slow metabolism.
Your sharp claws are effective at attacking unaware monsters.


Message History

The hound completely misses you.
You scratch the hound.
The hound is severely wounded.
The hound barely misses you.
You barely miss the hound. Your bite misses the hound.
The hound is severely wounded.
The hound misses you.
You claw the hound!
You kill the hound!
The hell hound breathes flames at you. The blast of flame hits you!
Ouch! That really hurt!
* * * LOW HITPOINT WARNING * * *
The orc shouts!
The orc wizard shouts!
The orc shouts!
The orc wizard casts a spell at you. The magic dart hits you!
* * * LOW HITPOINT WARNING * * *
The ice beast closely misses you.
The gnoll hits you from afar with a +0 spear!
You die...

#g# #.#
##.## #..
#)# #.# #.#
#.o #)# #.#
#.#####..
#)# #.#
#...(....
#.# #.#
########. #
#.# #.# #.
#.##.###.#
#.
#.#.<.##†#
#.
#....@.g.#
##########.
###Y..####
#..........
##.##
#.#########
#.#######.#
#.........#
###########


You could see an ice beast and a gnoll.

Vanquished Creatures
  Eustachio (D:6)
  Edmund (D:6)
  A water moccasin (D:7)
  3 sky beasts
  A phantom (D:6)
  2 black bears
  4 ogres
  3 centaurs
  A big kobold (D:7)
  3 bullfrogs
  A gnoll sergeant (D:9)
  A killer bee (D:9)
  2 howler monkeys (D:6)
  2 crimson imps
  2 centaur zombies
  6 hounds
  7 orc wizards
  Jessica (D:2)
  7 worker ants
  3 iguanas
  A killer bee zombie (D:7)
  A hound skeleton (D:4)
  14 adders
  A howler monkey skeleton (D:4)
  2 gnolls (D:9)
  A shadow imp (D:9)
  An adder zombie (D:5)
  An adder skeleton (D:6)
  4 worms
  4 dart slugs
  8 leopard geckos
  13 orcs
  6 bats
  5 giant cockroaches
  12 hobgoblins
  12 jackals
  4 quokkas
  3 ball pythons
  5 frilled lizards
  8 goblins
  8 kobolds
  A quokka skeleton (D:5)
  13 rats
180 creatures vanquished.

Notes
Turn   | Place    | Note
-------+----------+-------------------------------------------
     0 | D:1      | equalderp2856 the Felid Fighter began the quest for the Orb.
     0 | D:1      | Reached XP level 1. HP: 10/10 MP: 2/2
   325 | D:1      | Reached XP level 2. HP: 12/14 MP: 3/3
   554 | D:1      | Reached XP level 3. HP: 17/17 MP: 4/4
   807 | D:2      | Noticed Jessica
   941 | D:2      | Found a snail-covered altar of Cheibriados.
  1001 | D:2      | Killed Jessica
  1001 | D:2      | Reached skill level 5 in Dodging
  1001 | D:2      | Reached skill level 1 in Stealth
  1001 | D:2      | Reached skill level 5 in Unarmed Combat
  1001 | D:2      | Reached XP level 4. HP: 15/21 MP: 5/5
  1419 | D:2      | You fall through a shaft for 2 floors!
  1623 | D:4      | Found an ancient bone altar of Kikubaaqudgha.
  1731 | D:4      | Found a sparkling altar of Nemelex Xobeh.
  1845 | D:4      | Noticed an ogre
  1894 | D:3      | Reached XP level 5. HP: 8/24 MP: 6/6
  1973 | D:3      | Found a burning altar of Makhleb.
  2507 | D:3      | Noticed DishwasherDemon's ghost (amateur OgNe)
  2846 | D:3      | Reached skill level 6 in Unarmed Combat
  2846 | D:3      | HP: 1/24 [orc/short sword (4)]
  2977 | D:5      | Entered Level 5 of the Dungeon
  3195 | D:4      | Killed an ogre
  3195 | D:4      | Gained mutation: You are covered in thick fur. (AC +2) [Felid growth]
  3195 | D:4      | Reached XP level 6. HP: 28/28 MP: 7/7
  3257 | D:4      | Found a hide-covered altar of Uskayaw.
  6044 | D:4      | Reached XP level 7. HP: 20/31 MP: 8/8
  6245 | D:5      | Reached skill level 7 in Unarmed Combat
  6555 | D:5      | Found a staircase to the Ecumenical Temple.
  6974 | D:5      | Noticed a moth of wrath
  6977 | D:5      | Found a bloodstained altar of Trog.
  7459 | D:6      | Found a sacrificial altar of Ru.
  7508 | D:6      | Noticed Edmund
  7716 | D:5      | Reached skill level 5 in Stealth
  7722 | D:5      | Reached skill level 8 in Unarmed Combat
  7893 | D:5      | Reached XP level 8. HP: 19/34 MP: 9/9
  8020 | D:5      | Found a stormy altar of Qazlal.
  8023 | D:5      | Found a sparkling altar of Nemelex Xobeh.
  8024 | D:5      | Found a hazy altar of Hepliaklqana.
  8024 | D:5      | Found a blossoming altar of Fedhas.
  8298 | D:5      | Learned a level 1 spell: Corona
  8301 | D:5      | Learned a level 2 spell: Slow
  8304 | D:5      | Learned a level 2 spell: Sticks to Snakes
  8331 | D:6      | Noticed Dowan
  8336 | D:6      | Noticed Duvessa
  8410 | D:6      | Killed Edmund
  8537 | D:6      | Noticed Eustachio
  8571 | D:6      | Reached skill level 1 in Spellcasting
  8696 | D:7      | Noticed North's ghost (novice GrGl)
  9135 | D:7      | Reached skill level 9 in Unarmed Combat
  9469 | D:7      | Reached XP level 9. HP: 22/38 MP: 13/13
 10400 | D:6      | Killed Eustachio
 11727 | D:5      | Reached skill level 10 in Unarmed Combat
 11910 | D:8      | Found Rukes's Distillery.
 11917 | D:8      | Bought a potion of mutation for 35 gold pieces
 11917 | D:8      | Bought a potion of degeneration for 14 gold pieces
 12383 | D:9      | Slain by a wyvern
 12384 | D:9      | Reached XP level 8. HP: -1/35 MP: 14/14
 12423 | D:9      | Slain by a gnoll
 12424 | D:9      | Reached XP level 7. HP: -2/31 MP: 13/13
 12474 | D:9      | Found a staircase to the Lair.
 12536 | D:9      | Slain by a gnoll

Skill      XL: |  1  2  3  4  5  6  7  8  9 |
---------------+----------------------------+-----
Dodging        | 5 6 8 |  8.7
Stealth        | 1 2 3 5 7 |  7.0
Unarmed Combat | 5 6 8 9 10 | 10.5
Spellcasting   | 2 3 |  3.8
Fighting       | |  3.6

Action                   |  1- 3 |  4- 6 |  7- 9 || total
-------------------------+-------+-------+-------++-------
Melee: Unarmed           |   104 |   195 |   360 ||   659
       Bite              |     7 |    17 |    34 ||    58
       Punch             |     1 |     4 |    12 ||    17
  Use: Scroll            |       |       |    12 ||    12
       Potion            |       |       |     5 ||     5
 Stab: Sleeping          |     1 |     5 |     8 ||    14
       Distracted        |       |     1 |       ||     1
  Eat: Chunk             |     5 |     8 |    10 ||    23
Armor: Skin              |    10 |     4 |     9 ||    23
Dodge: Dodged            |   103 |   147 |   304 ||   554
